 Dungeon Crawl Stone Soup version 0.16.0-17-g811c1d7 (webtiles) character file.

584 HungrySpirit the Skirmisher (level 7, -5/57 (61) HPs)
             Began as a Minotaur Fire Elementalist on Mar 21, 2015.
             Was an Initiate of Gozag.
             Killed by nerve-wracking pain
             ... invoked by an orc priest
              (13 damage)
             ... on level 5 of the Dungeon.
             The game lasted 00:10:44 (4605 turns).

HungrySpirit the Skirmisher (MiFE)                  Turns: 4605, Time: 00:10:46

HP:   -5/57 (61)    AC:  9    Str: 15    XL:     7   Next: 14%
MP:   6/6           EV: 11    Int: 12    God:    Gozag
Gold: 143           SH:  0    Dex: 10    Spells: 1 memorised, 7 levels left

rFire  . . .     SeeInvis +     h - +0 short sword
rCold  . . .     Clarity  +     q - +0 ring mail
rNeg   . . .     SustAb   .     (no shield)
rPois  .         Gourm    .     (helmet restricted)
rElec  .         Spirit   .     B - +2 cloak
rCorr  .         Warding  .     (no gloves)
rMut   .         Stasis   .     (no boots)
MR     .....                    r - amulet of clarity
Stlth  +.........               (no ring)
                                e - ring of see invisible

@: not resistant to hostile enchantments, very unstealthy
A: retaliatory headbutt, horns 2
a: Potion Petition, Call Merchant, Bribe Branch, Renounce Religion


You were on level 5 of the Dungeon.
You worshipped Gozag.
Gozag was noncommittal.
You were not hungry.

You visited 2 branches of the dungeon, and saw 6 of its levels.

You collected 339 gold pieces.
You spent 94 gold pieces at shops.
You paid 102 gold pieces to Gozag.

Inventory:

Hand weapons
 h - a +0 short sword (weapon)
Armour
 q - a +0 ring mail (worn)
 B - a +2 cloak (worn)
Jewellery
 e - a ring of see invisible (left hand)
 n - an uncursed ring of ice
 r - an amulet of clarity (around neck)
 E - an uncursed ring of wizardry {unknown}
Magical devices
 v - a wand of flame (33)
Scrolls
 f - a scroll of blinking {unknown}
 g - 3 scrolls of teleportation {unknown}
 j - a scroll of recharging {unknown}
 k - 2 scrolls of remove curse {unknown}
 l - a scroll of amnesia {unknown}
 m - 3 scrolls of enchant weapon {unknown}
 u - a scroll of magic mapping {unknown}
 w - a scroll of fog {unknown}
 x - 4 scrolls of identify {unknown}
 D - a scroll of immolation {unknown}
Potions
 a - a potion of haste {unknown}
 d - 2 potions of brilliance {unknown}
 i - a potion of curing
 o - a potion of heal wounds {unknown}
 p - a potion of restore abilities {unknown}
 s - a potion of lignification {unknown}
 t - a potion of mutation {unknown}
 z - 2 potions of flight {unknown}
 C - a potion of resistance {unknown}
Books
 b - a book of Flames

   Spells                             Type                      Level
   a - Flame Tongue                   Conjuration/Fire             1
   b - Throw Flame                    Conjuration/Fire             2
   c - Conjure Flame                  Conjuration/Fire             3
   d - Inner Flame                    Hexes/Fire                   3
   e - Sticky Flame                   Conjuration/Fire             4
   f - Fireball                       Conjuration/Fire             5
 y - a book of Control

   Spells                             Type                      Level
   a - Control Teleport               Charms/Translocation         4
   b - Control Undead                 Necromancy                   4
   c - Enslavement                    Hexes                        4
   d - Metabolic Englaciation         Hexes/Ice                    5
   e - Mass Confusion                 Hexes                        6
Comestibles
 c - 4 bread rations
 A - a meat ration


   Skills:
 + Level 5.3 Fighting
 + Level 4.1 Short Blades
 + Level 5.2 Armour
 - Level 2.1 Dodging
 - Level 1.5 Stealth
 - Level 1.3 Spellcasting
 - Level 0.6 Conjurations
 - Level 2.1 Fire Magic


You had 7 spell levels left.
You knew the following spells:

 Your Spells              Type           Power        Failure   Level  Hunger
a - Flame Tongue          Conj/Fire      #....        34%         1    ##.....


Dungeon Overview and Level Annotations

Branches:
Dungeon (5/15)             Temple (1/1) D:4

Altars:
Dithmenos
Elyvilon
Fedhas
Gozag
Trog
Xom

Shops:
D:5 [


Innate Abilities, Weirdness & Mutations

You reflexively headbutt those who attack you in melee.
You have a pair of horns on your head.


Message History

The kobold unwields an uncursed long sword.
The kobold wields a blowgun.
The kobold shoots a poisoned needle.
The poisoned needle closely misses you. The orc priest misses you.
You hit the orc priest but do no damage.
The orc priest is heavily wounded.
The kobold shoots a poisoned needle.
The poisoned needle completely misses you.
You hit the orc priest.
The orc priest is heavily wounded.
The orc priest mumbles some strange prayers to Beogh against you.
Pain shoots through your body!
* * * LOW HITPOINT WARNING * * *
You hit the orc priest but do no damage.
You headbutt the orc priest, but do no damage.
The orc priest is heavily wounded.
The kobold shoots a poisoned needle.
The poisoned needle barely misses you.
The orc priest mumbles some strange prayers to Beogh against you.
Pain shoots through your body!
You die...
Your body crumbles into a pile of gold.

#..# #.#..#........... . #
#..# #.#...........).)
....#.###.####.#.#............
#............#.#.#............
###...>...∩#.#.#.#.........###
....#........#.#.#...:.....#
......##.#.##.#.#.........#$
...... #.#o##.#...#.......#.#
...##. #.#.o@.#######.....#.#
.# # #.##.### #######.# ..##§#
.....# .###.. ###### . ....
.#.. .K.... #.#... ...


You could see an orc priest, an orc wizard and a kobold.

Vanquished Creatures
  A necrophage (D:4)
  A phantom (D:4)
  A scorpion (D:3)
  A crimson imp (D:5)
  2 orc priests
  A hound (D:4)
  Natasha (thrice) (D:3)
  2 orc wizards (D:4)
  3 adders
  3 worms
  3 giant geckos (D:3)
  An ooze (D:4)
  10 orcs
  2 ball pythons (D:2)
  18 bats
  4 giant cockroaches
  8 hobgoblins
  4 jackals
  5 giant newts
  8 goblins
  10 kobolds
  13 rats
104 creatures vanquished.

Notes
Turn   | Place    | Note
--------------------------------------------------------------
     0 | D:1      | HungrySpirit, the Minotaur Fire Elementalist, began the quest for the Orb.
     0 | D:1      | Reached XP level 1. HP: 14/14 MP: 2/2
    59 | D:1      | Reached skill level 1 in Fighting
   421 | D:1      | Reached skill level 1 in Armour
   470 | D:1      | Reached XP level 2. HP: 23/23 MP: 2/2
  1360 | D:2      | Reached XP level 3. HP: 28/30 MP: 3/3
  1548 | D:2      | Found a shadowy altar of Dithmenos.
  1898 | D:3      | Noticed Natasha
  1906 | D:3      | Killed Natasha
  1906 | D:3      | Reached skill level 3 in Fighting
  1906 | D:3      | Reached skill level 1 in Short Blades
  1906 | D:3      | Reached XP level 4. HP: 19/38 MP: 4/4
  2352 | D:3      | Reached XP level 5. HP: 35/45 MP: 4/4
  2485 | D:3      | Noticed Natasha
  2499 | D:3      | Killed Natasha
  3223 | D:3      | Noticed Natasha
  3227 | D:3      | Killed Natasha
  3322 | D:4      | Found a shimmering altar of Xom.
  3575 | D:4      | Found a staircase to the Ecumenical Temple.
  3592 | D:4      | Reached skill level 4 in Fighting
  3609 | Temple   | Entered the Ecumenical Temple
  3628 | Temple   | Became a worshipper of Gozag Ym Sagoz the Greedy
  3656 | D:4      | Noticed a phantom
  3710 | D:4      | Killed a phantom
  3710 | D:4      | Reached XP level 6. HP: 51/53 MP: 5/5
  4005 | D:4      | Found a bloodstained altar of Trog.
  4305 | D:5      | Entered Level 5 of the Dungeon
  4321 | D:4      | Reached skill level 5 in Fighting
  4321 | D:4      | Reached skill level 5 in Armour
  4324 | D:4      | Reached XP level 7. HP: 20/57 MP: 6/6
  4569 | D:5      | Found Curhara's Antique Armour Shop.
  4579 | D:5      | Bought an embroidered cloak for 94 gold pieces
  4605 | D:5      | Killed from afar by an orc priest

Action                   |  1- 3 |  4- 6 |  7- 9 || total
-------------------------+-------+-------+-------++-------
Melee: Club              |    17 |       |       ||    17
       Short sword       |    89 |   146 |    22 ||   257
       Unarmed           |     2 |       |       ||     2
Invok: Potion Petition   |       |     1 |       ||     1
  Use: Potion            |       |     1 |     1 ||     2
 Stab: Invisible         |       |     2 |       ||     2
       Distracted        |       |     1 |       ||     1
  Eat: Chunk             |     3 |     3 |       ||     6
       Meat ration       |       |     1 |       ||     1
       Beef jerky        |       |       |     1 ||     1
